 Dungeon Crawl Stone Soup version 0.30-a0-458-g86641cc369 (webtiles) character file.

Game seed: 14453558729956923305

5825 cforsyth the Grappler (level 10, -3/156 HPs)
             Began as a Troll Fighter on Dec 14, 2022.
             Was a Believer of Wu Jian.
             Slain by a yak (10 damage)
             ... on level 9 of the Dungeon.
             The game lasted 00:20:18 (9882 turns).

cforsyth the Grappler (Troll Fighter)               Turns: 9882, Time: 00:20:18

Health: -3/156     AC: 25    Str: 26    XL:     10   Next: 51%
Magic:  9/9        EV:  1    Int:  8    God:    Wu Jian [**....]
Gold:   404        SH: 10    Dex: 15    Spells: 9/9 levels left

rFire   . . .      SeeInvis .      - Unarmed
rCold   . . .      Faith    .    b - +0 kite shield
rNeg    . . .      Spirit   .    (body armour currently unavailable)
rPois   +          Reflect  .    (helmet currently unavailable)
rElec   .          Harm     .    (cloak currently unavailable)
rCorr   .          Rampage  .    (gloves unavailable)
Will    .....      NoTele   +    (boots unavailable)
Stlth   +.........               (no amulet)
HPRegen 1.26/turn                y - +4 ring of evasion
MPRegen 0.11/turn                C - +6 ring of dexterity

@: mighty, tree-form, slowed, studying 2 skills, very slow
A: stationary, stasis, torment immunity, boosted hp, large, unfitting armour,
(claws 3), regeneration 1, (shaggy fur 1), (tough skin 1)
a: Renounce Religion, Wall Jump


You were on level 9 of the Dungeon.
You worshipped Wu Jian.
Wu Jian was pleased with you.
You were a tree.
You visited 1 branch of the dungeon, and saw 10 of its levels.
You also visited: Ossuary.

You collected 1246 gold pieces.
You spent 842 gold pieces at shops.

Inventory:

Missiles
 r - 3 throwing nets (quivered)
Armour
 a - a +0 robe (melded)
 b - a +0 kite shield (worn)
Jewellery
 o - a ring of positive energy
 y - a +4 ring of evasion (left branch)
 A - a ring of flight
 C - a +6 ring of dexterity (right branch)
 F - a ring of ice
Wands
 p - a wand of polymorph (11)
 H - a wand of acid (3)
Scrolls
 g - 2 scrolls of poison
 h - a scroll of vulnerability {unknown}
 l - 5 scrolls of fear
 m - a scroll of blinking {unknown}
 s - a scroll of magic mapping
 t - a scroll of enchant armour {unknown}
 w - a scroll of immolation
 x - a scroll of fog {unknown}
 D - a scroll of torment {unknown}
 E - 2 scrolls of teleportation
Potions
 c - 2 potions of might
 d - a potion of lignification
 e - 2 potions of berserk rage
 f - 2 potions of resistance
 i - 3 potions of haste
 j - 3 potions of flight
 k - 8 potions of curing
 q - a potion of heal wounds
 u - a potion of brilliance
 v - 3 potions of mutation
 z - a potion of invisibility
 B - a potion of attraction {unknown}


   Skills:
 + Level 7.7 Fighting
 - Level 5.0 Dodging
 + Level 7.8 Shields
 * Level 11.7 Unarmed Combat


You had 9 spell levels left.
You didn't know any spells.
Your spell library contained the following spells:

 Spells                   Type           Power      Damage    Failure   Level
 Shock                    Conj/Air       0%         1d3       65%         1
 Slow                     Hex            0%         N/A       65%         1
 Sublimation of Blood     Necr           0%         N/A       78%         2
 Wereblood                Tmut           0%         N/A       78%         2
 Confusing Touch          Hex            0%         N/A       95%         3
 Frozen Ramparts          Ice            0%         1d1       95%         3
 Swiftness                Air            0%         N/A       95%         3
 Vampiric Draining        Necr           0%         2d6       95%         3
 Vhi's Electric Charge    Tloc/Air       0%         N/A       95%         3
 Airstrike                Air            0%         2d(0-16)  100%        4
 Ice Form                 Ice/Tmut       0%         N/A       100%        4
 Summon Ice Beast         Ice/Summ       0%         N/A       100%        4
 Arcjolt                  Conj/Air       0%         1d10      100%        5
 Iskenderun's Battlesphe  Conj           0%         2d6       100%        5
 Iron Shot                Conj/Erth      0%         9d1       100%        6
 Spellforged Servitor     Conj/Summ      0%         N/A       100%        7
 Summon Hydra             Summ           0%         N/A       100%        7
 Borgnjor's Revivificati  Necr           0%         N/A       100%        8
 Maxwell's Capacitive Co  Air            0%         ∞         100%        8
 Necromutation            Tmut/Necr      0%         N/A       100%        8
 Death's Door             Necr           0%         N/A       100%        9


Dungeon Overview and Level Annotations

Branches:
Dungeon (10/15)            Temple (0/1) D:7         Ossuary (visited)
   Lair: D:8-11         Orc: D:9-12

Altars:
Dithmenos
Elyvilon
Fedhas
Nemelex Xobeh
Ru
Sif Muna
Trog
Uskayaw
Wu Jian

Shops:
D:1 *   D:3 !   D:5 :   D:7 *

Annotations:
D:3 exclusion: oklob plant
D:10 Gastronok, Maggie


Innate Abilities, Weirdness & Mutations

You are a tree.
Your roots penetrate the ground, keeping you stationary.
You cannot be teleported.
You are immune to unholy pain and torment.
Your maximum health is greatly increased.
Your equipment is partially melded.
You are too large for most types of armour.
((You have claws for hands.))
Your natural rate of healing is unusually fast.
((You are covered in fur. (AC +1)))
((You have tough skin. (AC +1)))


Message History

The yak gores you but does no damage. x2
Unknown command.
You feel much better. The yak gores you but does no damage.
The wraith hits you. The wraith drains your vigour!
You feel as though you will be slow longer.
The yak gores you. The yak barely misses you. You block the yak's attack.
The shadow hits you. The yak gores you. The yak gores you but does no damage.
You feel very mighty all of a sudden. You block the yak's attack.
The wraith hits you but does no damage. You block the yak's attack.
The yak gores you!
* * * LOW HITPOINT WARNING * * *
The yak gores you but does no damage. The yak gores you.
* * * LOW HITPOINT WARNING * * *
The shadow hits you.
The yak gores you but does no damage. x2
You block the yak's attack. The shadow hits you.
* * * LOW HITPOINT WARNING * * *
The wraith hits you but does no damage. The yak gores you but does no damage.
The yak gores you.
* * * LOW HITPOINT WARNING * * *
The yak gores you but does no damage. x2
You smack the yak!
The yak is almost dead.
The yak gores you but does no damage. You block the wraith's attack.
The yak gores you but does no damage. You block the yak's attack.
The yak gores you.
* * * LOW HITPOINT WARNING * * *
The shadow slips into darkness.
The shadow flickers and vanishes!
Deactivating autopickup; reactivate with Ctrl-A.
The yak gores you but does no damage. The yak gores you!
* * * LOW HITPOINT WARNING * * *
You pummel the yak!!
You kill the yak!
The Council accepts your kill. The yak gores you but does no damage.
The yak gores you!
* * * LOW HITPOINT WARNING * * *
The yak gores you!
* * * LOW HITPOINT WARNING * * *
You block the yak's attack. The yak gores you!
You die...

.............<...........######.#
................................#
................................#
.#######..........###############
.# #..........# .# #..........#
.# #..........# .#
#.......{YY############### .#
#......?W♣)..............#
.#######.......YYY..............#
.........########...............#
.........# #...............#
########.# #...............# #
#.# #...............# # #.#
#...........((..# #
#.########.######........# #
#..........# #........#


You could see 5 yaks and a wraith.

Vanquished Creatures
  A two-headed ogre (D:9)
  A cyclops (D:9)
  Sigmund (D:4)
  A shadow (D:10)
  2 yaks (D:9)
  2 steam dragons
  Edmund (D:4)
  A water moccasin (D:9)
  Duvessa (D:4)
  3 hornet zombies (Ossuary)
  An ice beast (D:7)
  2 black bears
  3 ogres
  A centaur (D:8)
  A gnoll sergeant (D:7)
  3 necrophages
  4 scorpions
  4 bullfrogs
  2 water moccasin zombies (Ossuary)
  4 wights (D:9)
  Dowan (D:4)
  7 killer bees
  5 howler monkeys
  4 centaur zombies (Ossuary)
  7 hounds
  9 bullfrog zombies (Ossuary)
  5 orc priests
  3 orc wizards (D:7)
  2 killer bee zombies (Ossuary)
  14 mummies (Ossuary)
  2 howler monkey zombies (Ossuary)
  7 gnolls
  4 adders
  A shadow imp (D:5)
  2 white imps (D:7)
  2 worms
  6 dart slugs
  23 orcs
  6 bats
  5 endoplasms
  3 giant cockroaches
  13 goblins
  6 hobgoblins
  5 jackals
  11 kobolds
  3 quokkas
  9 ball pythons
  4 frilled lizards
  6 rats
214 creatures vanquished.

Vanquished Creatures (others)
  3 withered plants (Ossuary)
3 creatures vanquished.

Grand Total: 217 creatures vanquished

Notes
Turn   | Place    | Note
-------+----------+-------------------------------------------
     0 | D:1      | cforsyth the Troll Fighter began the quest for the Orb.
     0 | D:1      | Reached XP level 1. HP: 22/22 MP: 0/0
    81 | D:1      | Reached XP level 2. HP: 29/29 MP: 1/1
   372 | D:1      | Reached XP level 3. HP: 36/36 MP: 2/2
   531 | D:1      | Found Ylopn's Assorted Antiques.
  1881 | D:3      | Reached XP level 4. HP: 43/44 MP: 3/3
  1978 | D:3      | Found a faded altar of an unknown god.
  1983 | D:3      | Found a sparkling altar of Nemelex Xobeh.
  2025 | D:3      | Reached skill level 3 in Unarmed Combat
  2054 | D:3      | Found a blossoming altar of Fedhas.
  2067 | D:3      | Noticed an oklob plant
  2340 | D:3      | Reached XP level 5. HP: 53/53 MP: 4/4
  2495 | D:3      | Found Qoomiuw's Distillery.
  2513 | D:3      | Bought a potion of curing for 42 gold pieces
  2650 | D:4      | Noticed Sigmund
  2658 | D:4      | Killed Sigmund
  2659 | D:4      | Reached XP level 6. HP: 50/61 MP: 5/5
  2793 | D:4      | Reached skill level 4 in Unarmed Combat
  2916 | D:4      | Reached XP level 7. HP: 54/68 MP: 6/6
  3165 | D:4      | Noticed Edmund
  3180 | D:4      | Killed Edmund
  3669 | D:4      | Noticed Duvessa
  3674 | D:4      | Noticed Dowan
  3678 | D:4      | Killed Duvessa
  3686 | D:4      | Killed Dowan
  3687 | D:4      | Reached skill level 5 in Shields
  3687 | D:4      | Reached skill level 5 in Unarmed Combat
  3687 | D:4      | Reached XP level 8. HP: 40/79 MP: 7/7
  4057 | D:5      | Entered Level 5 of the Dungeon
  4423 | D:5      | Found Saac's Self-Improvement Boutique.
  4444 | D:5      | Reached skill level 5 in Dodging
  4731 | D:5      | Found a white marble altar of Elyvilon.
  5012 | D:6      | Reached skill level 5 in Fighting
  5347 | D:6      | Found a shimmering blue altar of Sif Muna.
  5347 | D:6      | Found a sacrificial altar of Ru.
  5354 | D:6      | Found a shadowy altar of Dithmenos.
  5356 | D:6      | Found a faded altar of an unknown god.
  5358 | D:6      | Found an ornate altar of the Wu Jian Council.
  5395 | D:6      | Reached skill level 6 in Unarmed Combat
  5876 | D:6      | Became a worshipper of the Wu Jian Council
  5916 | D:7      | Found Zoditz's General Store.
  5962 | D:7      | Found a sand-covered staircase.
  5969 | Ossuary  | Entered an ossuary
  6088 | Ossuary  | Reached XP level 9. HP: 88/88 MP: 8/8
  6136 | Ossuary  | Reached skill level 7 in Unarmed Combat
  6167 | Ossuary  | Reached * piety under Wu Jian
  6641 | D:7      | Reached skill level 8 in Unarmed Combat
  6711 | D:7      | Found a staircase to the Ecumenical Temple.
  7194 | D:8      | Identified 2 scrolls of acquirement
  7194 | D:8      | Acquired a manual of Unarmed Combat
  7196 | D:8      | Acquired 734 gold pieces
  7670 | D:7      | Reached skill level 9 in Unarmed Combat
  7698 | D:7      | Reached ** piety under Wu Jian
  8000 | D:5      | Bought a manual of Fighting for 800 gold pieces
  8237 | D:8      | Found a bloodstained altar of Trog.
  8266 | D:8      | Found a hide-covered altar of Uskayaw.
  9110 | D:9      | Noticed a cyclops
  9118 | D:9      | Killed a cyclops
  9119 | D:9      | Reached skill level 10 in Unarmed Combat
  9119 | D:9      | Reached XP level 10. HP: 100/100 MP: 9/9
  9411 | D:9      | Noticed a two-headed ogre
  9420 | D:9      | Killed a two-headed ogre
  9421 | D:9      | Reached skill level 11 in Unarmed Combat
  9831 | D:10     | Entered Level 10 of the Dungeon
  9831 | D:10     | Noticed Gastronok
  9835 | D:10     | Noticed Maggie
  9882 | D:9      | HP: 7/156 [yak (11)]
  9882 | D:9      | Slain by a yak

Illustrated notes

Levels and vault maps discovered:
D:1:      dpeg_arrival_rooms_c, layout_loops_ring, serial_shops,
          nicolae_shop_hallway_stairs
D:2:      layout_basic, corexii_corridor_pit, serial_park_tiny_1,
          minmay_misc_feat_roman
D:3:      layout_basic, tgw_fedhas, nicolae_overflow_ecumenical_swirl,
          serial_shops, nicolae_lakefront_shop
D:4:      layout_layer_cave, kennysheep_generic_room_4, uniq_duvessa,
          uniq_sigmund, uniq_edmund
D:5:      layout_basic, elyvilon_altar_1, nicolae_shop_self_help
D:6:      layout_basic, chequers_temple_overflow_minitemple
D:7:      layout_gridville, minmay_temple_entry_ruins, serial_shops,
          kennysheep_little_box, chequers_ossuary_entry_cave,
          minmay_misc_feat_hallway
D:8:      layout_layer_cave, mainiacjoe_overflow_large_starburst
D:9:      layout_small_grid
D:10:     layout_cave_pools, erik_lair_dragon,
          ploomutoo_gammafunk_ghost_potion_laboratory, uniq_gastronok,
          uniq_maggie

Skill      XL: |  1  2  3  4  5  6  7  8  9 10 |
---------------+-------------------------------+-----
Shields        | 3 4 5 6 7 |  7.8
Fighting       | 3 4 5 6 7 |  7.7
Dodging        | 3 4 5 |  5.0
Unarmed Combat | 3 4 5 6 10 11 | 11.7

Action                   |  1- 3 |  4- 6 |  7- 9 | 10-12 || total
-------------------------+-------+-------+-------+-------++-------
Melee: Unarmed           |   140 |   120 |   464 |    45 ||   769
Invok: Lunge             |       |       |    12 |     9 ||    21
       Whirlwind         |       |       |    19 |     2 ||    21
  Use: Scroll            |       |       |    17 |     2 ||    19
       Potion            |       |       |     2 |     5 ||     7
 Stab: Distracted        |       |       |     2 |       ||     2
Armor: Robe              |    31 |    37 |    70 |     2 ||   140
       Skin              |       |       |       |    38 ||    38
Dodge: Dodged            |    40 |    46 |   206 |    21 ||   313
Block: Kite shield       |    57 |    57 |   212 |    26 ||   352

Table legend: (Time is in decaauts)
 A = Elapsed time spent in this place.
 B = Non-inter-level travel time spent in this place.
 C = Inter-level travel time spent in this place.
 D = Time resting spent in this place.
 E = Time spent auto-exploring this place.
 F = Levels seen in this place.
 G = Mean time per level.
                   A        B        C        D        E       F      G
               +--------+--------+--------+--------+--------+-----+--------+
         Total |   9918 |   9226 |    692 |    527 |   7025 |  11 |  901.6 |
       Dungeon |   9462 |   8770 |    692 |    518 |   6846 |  10 |  946.2 |
       Ossuary |    456 |    456 |      0 |      9 |    179 |   1 |  456.0 |
               +--------+--------+--------+--------+--------+-----+--------+

Top non-repeatable levels by time:
     D:4: 1434 daAuts
     D:7: 1378 daAuts
     D:8: 1219 daAuts
     D:2: 1129 daAuts
     D:6: 1074 daAuts
     D:5: 929 daAuts
     D:3: 804 daAuts
     D:9: 767 daAuts
     D:1: 713 daAuts
 Ossuary: 456 daAuts
    D:10: 11 daAuts
